ESL (28 & UNDER)
BUTLER WHITE SOX @ PENQUANNOCK OVERRATED JETER
07/15/2030
 
TOP OF THE 1ST
Butler White Sox batting - Pitching for Penquannock Overrated Jeter : LHP Brian Hodges
Pitching: LHP Brian Hodges
Batting: RHB Jerry Moore 0-0: Ball
1-0: SINGLE (Groundball, 56D)
Batting: RHB Ángel Serrano 0-0: Called Strike
0-1: Grounds into double play, 6-4-3 (Groundball, 6M)
Batting: RHB Miguel Sánchez 0-0: Fly out, F7 (Flyball, 7D)
Top of the 1st over - 0 runs, 1 hit, 0 errors, 0 left on base; Butler 0 - Penquannock 0
BOTTOM OF THE 1ST
Penquannock Overrated Jeter batting - Pitching for Butler White Sox : LHP Dexter Browning
Pitching: LHP Dexter Browning
Batting: RHB Phil Wright 0-0: Fly out, F9 (Flyball, 9D)
Batting: LHB Francisco Medina 0-0: Called Strike
0-1: TRIPLE (Line Drive, 7D)
Batting: RHB Gary Wyatt 0-0: Ball
1-0: Ball
2-0: Ball
3-0: Called Strike
3-1: Swinging Strike
3-2: DOUBLE (Line Drive, 89D)
Francisco Medina scores
Batting: LHB Félix Costa 0-0: Ball
1-0: Called Strike
1-1: Called Strike
1-2: Ball
2-2: Ball
3-2: Strikes out looking
Batting: SHB Cristián López 0-0: Swinging Strike
0-1: Ball
1-1: Swinging Strike
1-2: Strikes out swinging
Bottom of the 1st over - 1 run, 2 hits, 0 errors, 1 left on base; Butler 0 - Penquannock 1
TOP OF THE 2ND
Butler White Sox batting - Pitching for Penquannock Overrated Jeter : LHP Brian Hodges
Batting: RHB Bobby Murdock 0-0: SINGLE (Groundball, 6MD)
Batting: LHB Josh Pérez 0-0: Foul Ball, location: 2F
0-1: Swinging Strike
0-2: Ball
1-2: SINGLE (Flyball, 89M)
Bobby Murdock to second
Runner from 2nd tries for 3rd, SAFE, no throw
Batting: LHB Thomas Dixon 0-0: Called Strike
0-1: Foul Ball, location: 2F
0-2: Ball
1-2: Grounds into double play, 4-6-3 (Groundball, 4)
Bobby Murdock scores
Batting: RHB James Richardson 0-0: SINGLE (Groundball, 56D)
Batting: RHB Ramón Maldonado 0-0: Ball
1-0: Swinging Strike
1-1: Fly out, F8 (Flyball, 78S)
Top of the 2nd over - 1 run, 3 hits, 0 errors, 1 left on base; Butler 1 - Penquannock 1
BOTTOM OF THE 2ND
Penquannock Overrated Jeter batting - Pitching for Butler White Sox : LHP Dexter Browning
Batting: RHB Manny Perea 0-0: DOUBLE (Line Drive, 5D)
Batting: LHB José Morales 0-0: Foul Ball, location: 2F
0-1: Ball
1-1: Foul Ball, location: 2F
1-2: Fly out, F9 (Flyball, 89S)
Batting: RHB Paul Liddle 0-0: Called Strike
0-1: Foul Ball, location: 2F
0-2: SINGLE (Flyball, 89S)
Manny Perea to third
Batting: RHB Guillermo Gracía 0-0: Ball
1-0: Ball
2-0: Foul Ball, location: 2F
2-1: Ball
Paul Liddle is caught stealing 2nd base
3-1: Fly out, F2 (Popup, 23F)
Bottom of the 2nd over - 0 runs, 2 hits, 0 errors, 1 left on base; Butler 1 - Penquannock 1
TOP OF THE 3RD
Butler White Sox batting - Pitching for Penquannock Overrated Jeter : LHP Brian Hodges
Batting: RHB Júlio Hernández 0-0: SINGLE (Groundball, 56D)
Batting: RHB Jerry Moore 0-0: Fly out, F9 (Line Drive, 9LS)
Batting: RHB Ángel Serrano 0-0: Called Strike
0-1: Foul Ball, location: 2F
0-2: Foul Ball, location: 2F
0-2: Ball
1-2: Foul Ball, location: 2F
1-2: Strikes out swinging
Batting: RHB Miguel Sánchez 0-0: Ball
Wild Pitch!
Júlio Hernández to second
1-0: Ball
2-0: SINGLE (Flyball, 89M)
Júlio Hernández to third
Runner from 3rd tries for Home, SAFE, throw made home
Batting: RHB Bobby Murdock 0-0: Ball
1-0: Swinging Strike
1-1: Ground out 5-3 (Groundball, 56S)
Top of the 3rd over - 1 run, 2 hits, 0 errors, 1 left on base; Butler 2 - Penquannock 1
BOTTOM OF THE 3RD
Penquannock Overrated Jeter batting - Pitching for Butler White Sox : LHP Dexter Browning
Batting: RHB Phil Wright 0-0: Swinging Strike
0-1: Ball
1-1: SINGLE (Groundball, 6MD)
Batting: LHB Francisco Medina 0-0: SINGLE (Line Drive, 34)
Phil Wright to second
Batting: RHB Gary Wyatt 0-0: Ball
1-0: Ball
2-0: Called Strike
2-1: Foul Ball, location: 2F
2-2: Ball
3-2: SINGLE (Flyball, 34D)
Phil Wright to third
Francisco Medina to second
Batting: LHB Félix Costa 0-0: Ball
1-0: Foul Ball, location: 2F
1-1: Foul Ball, location: 2F
1-2: SINGLE (Groundball, 6MD)
Phil Wright scores
Francisco Medina to third
Gary Wyatt to second
Batting: SHB Cristián López 0-0: Ball
1-0: Ball
Wild Pitch!
Francisco Medina scores
Gary Wyatt to third
Félix Costa to second
2-0: Ground out 4-3 (Groundball, 4)
Gary Wyatt scores
Félix Costa to third
Batting: RHB Manny Perea 0-0: Foul Ball, location: 2F
0-1: Ball
1-1: Ground out 1-3 (Groundball, 13S)
Batting: LHB José Morales 0-0: Foul Ball, location: 2F
0-1: SINGLE (Line Drive, 4MD)
Félix Costa scores
Batting: RHB Paul Liddle 0-0: Called Strike
0-1: Called Strike
0-2: Ball
1-2: Ground out 4-3 (Groundball, 4S)
Bottom of the 3rd over - 4 runs, 5 hits, 0 errors, 1 left on base; Butler 2 - Penquannock 5
TOP OF THE 4TH
Butler White Sox batting - Pitching for Penquannock Overrated Jeter : LHP Brian Hodges
Batting: LHB Josh Pérez 0-0: Foul Ball, location: 2F
0-1: Ball
1-1: Ball
2-1: Ball
3-1: Called Strike
3-2: Fly out, F8 (Flyball, 8LS)
Batting: LHB Thomas Dixon 0-0: Foul Ball, location: 2F
0-1: SINGLE (Groundball, 34D)
Batting: RHB James Richardson 0-0: SINGLE (Flyball, 89S)
Thomas Dixon to second
Runner from 2nd tries for 3rd, SAFE, no throw
Batting: RHB Ramón Maldonado 0-0: Called Strike
0-1: Called Strike
0-2: Strikes out swinging
Batting: RHB Júlio Hernández 0-0: Called Strike
0-1: Ball
1-1: Called Strike
1-2: Foul Ball, location: 2F
1-2: Ball
2-2: Strikes out swinging
Top of the 4th over - 0 runs, 2 hits, 0 errors, 2 left on base; Butler 2 - Penquannock 5
BOTTOM OF THE 4TH
Penquannock Overrated Jeter batting - Pitching for Butler White Sox : LHP Dexter Browning
Batting: RHB Guillermo Gracía 0-0: Ball
1-0: Swinging Strike
1-1: Called Strike
1-2: Foul Ball, location: 2F
1-2: Ball
2-2: Foul Ball, location: 2F
2-2: Foul Ball, location: 2F
2-2: Ball
3-2: Foul Ball, location: 2F
3-2: Strikes out swinging
Batting: RHB Phil Wright 0-0: Foul Ball, location: 2F
0-1: Swinging Strike
0-2: Foul Ball, location: 2F
0-2: Foul Ball, location: 2F
0-2: Ball
1-2: SINGLE (Line Drive, 78S)
Batting: LHB Francisco Medina 0-0: SINGLE (Groundball, 4MD)
Phil Wright to second
Runner from 2nd tries for 3rd, SAFE, throw made to third
Batting: RHB Gary Wyatt 0-0: Ball
1-0: SINGLE (Groundball, 34D) - runner OUT being hit by batted ball.
Batting: LHB Félix Costa 0-0: Called Strike
0-1: Ball
1-1: Fly out, F7 (Flyball, 7D)
Bottom of the 4th over - 0 runs, 3 hits, 0 errors, 2 left on base; Butler 2 - Penquannock 5
TOP OF THE 5TH
Butler White Sox batting - Pitching for Penquannock Overrated Jeter : LHP Brian Hodges
Batting: RHB Jerry Moore 0-0: Ball
1-0: Foul Ball, location: 2F
1-1: Fly out, F6 (Line Drive, 6M)
Batting: RHB Ángel Serrano 0-0: SINGLE (Groundball, 4D)
Batting: RHB Miguel Sánchez 0-0: SINGLE (Line Drive, 34)
Ángel Serrano to second
Runner from 2nd tries for 3rd, SAFE, throw made to third
Batting: RHB Bobby Murdock 0-0: Ball
1-0: Swinging Strike
1-1: Called Strike
1-2: Grounds into double play, 5-4-3 (Groundball, 56)
Top of the 5th over - 0 runs, 2 hits, 0 errors, 1 left on base; Butler 2 - Penquannock 5
BOTTOM OF THE 5TH
Penquannock Overrated Jeter batting - Pitching for Butler White Sox : LHP Dexter Browning
Batting: SHB Cristián López 0-0: Ball
1-0: Ball
2-0: Called Strike
2-1: Ball
3-1: Foul Ball, location: 2F
3-2: SINGLE (Groundball, 4MD)
Batting: RHB Manny Perea 0-0: Ball
1-0: Ground out 6-3 (Groundball, 6)
Cristián López to second
Batting: LHB José Morales 0-0: Called Strike
0-1: Ball
1-1: Ball
2-1: Foul Ball, location: 2F
2-2: Foul Ball, location: 2F
2-2: Foul Ball, location: 2F
2-2: Foul Ball, location: 2F
2-2: Fly out, F9 (Flyball, 9D)
Runner from 2nd tags up, SAFE at 3rd, no throw
Batting: RHB Paul Liddle 0-0: Ball
1-0: SINGLE (Groundball, 56D)
Cristián López scores
Batting: RHB Guillermo Gracía 0-0: Ball
1-0: Called Strike
1-1: Foul Ball, location: 2F
1-2: Fly out, F8 (Flyball, 8LD)
Bottom of the 5th over - 1 run, 2 hits, 0 errors, 1 left on base; Butler 2 - Penquannock 6
TOP OF THE 6TH
Butler White Sox batting - Pitching for Penquannock Overrated Jeter : LHP Brian Hodges
Batting: LHB Josh Pérez 0-0: SINGLE (Line Drive, 8LS)
Batting: LHB Thomas Dixon 0-0: Foul Ball, location: 2F
0-1: Fly out, F3 (Popup, 3S)
Batting: RHB James Richardson 0-0: Swinging Strike
0-1: Ball
1-1: Foul Ball, location: 2F
1-2: Ball
Wild Pitch!
Josh Pérez to second
2-2: Strikes out looking
Batting: RHB Ramón Maldonado 0-0: Called Strike
0-1: DOUBLE (Line Drive, 8LD)
Josh Pérez scores
Batting: RHB Júlio Hernández 0-0: Ball
1-0: Called Strike
1-1: Ground out 6-3 (Groundball, 6)
Top of the 6th over - 1 run, 2 hits, 0 errors, 1 left on base; Butler 3 - Penquannock 6
BOTTOM OF THE 6TH
Penquannock Overrated Jeter batting - Pitching for Butler White Sox : LHP Dexter Browning
Pitching: LHP Luis Torres
Batting: RHB Phil Wright 0-0: Ball
1-0: Called Strike
1-1: Ground out 5-3 (Groundball, 5)
Batting: LHB Francisco Medina 0-0: Ball
1-0: Fly out, F9 (Flyball, 89D)
Batting: RHB Gary Wyatt 0-0: Ball
1-0: Ball
2-0: Fly out, F8 (Flyball, 8LD)
Bottom of the 6th over - 0 runs, 0 hits, 0 errors, 0 left on base; Butler 3 - Penquannock 6
TOP OF THE 7TH
Butler White Sox batting - Pitching for Penquannock Overrated Jeter : LHP Brian Hodges
Batting: RHB Jerry Moore 0-0: Ball
1-0: Ball
2-0: Ball
3-0: Base on Balls
Batting: RHB Ángel Serrano 0-0: Ball
1-0: SINGLE (Groundball, 4MD)
Jerry Moore to second
Runner from 2nd tries for 3rd, SAFE, no throw
Batting: RHB Miguel Sánchez 0-0: Ball
1-0: DOUBLE (Flyball, 89D)
Jerry Moore scores
Ángel Serrano to third
Batting: RHB Bobby Murdock 0-0: Called Strike
0-1: Foul Ball, location: 2F
0-2: Foul Ball, location: 2F
0-2: Ball
1-2: Ball
2-2: Ball
3-2: Foul Ball, location: 2F
3-2: Fly out, F7 (Flyball, 7LS)
Runner from 3rd tags up, SCORES, no throw
Pitching: LHP Brian Gunther
Pinch Hitting: RHB Ed Keesee 0-0: Ball
1-0: Fly out, F8 (Flyball, 8LM)
Batting: LHB Thomas Dixon 0-0: Foul Ball, location: 2F
0-1: Called Strike
0-2: Ball
1-2: Strikes out looking
Top of the 7th over - 2 runs, 2 hits, 0 errors, 1 left on base; Butler 5 - Penquannock 6
BOTTOM OF THE 7TH
Penquannock Overrated Jeter batting - Pitching for Butler White Sox : LHP Luis Torres
Now at 1B: Luis Fuentes
Batting: LHB Félix Costa 0-0: Swinging Strike
0-1: Ball
1-1: Swinging Strike
1-2: Strikes out swinging
Batting: SHB Cristián López 0-0: Called Strike
0-1: SINGLE (Line Drive, 89S)
Batting: RHB Manny Perea 0-0: Fly out, F3 (Popup, 13S)
Batting: LHB José Morales 0-0: Ball
1-0: Called Strike
1-1: Called Strike
1-2: Ball
Cristián López steals 2nd base
2-2: Ball
3-2: SINGLE (Line Drive, 78S)
Cristián López to third
Cristián López scores
Batting: RHB Paul Liddle 0-0: Ball
1-0: Swinging Strike
1-1: Ball
2-1: Called Strike
2-2: Ball
3-2: Base on Balls
José Morales to second
Batting: RHB Guillermo Gracía 0-0: Ball
1-0: Foul Ball, location: 2F
1-1: DOUBLE (Line Drive, 7LM)
José Morales scores
Paul Liddle to third
Pitching: RHP Juan Silva
Batting: RHB Phil Wright 0-0: Ball
1-0: Foul Ball, location: 2F
1-1: Swinging Strike
1-2: Ball
2-2: Strikes out looking
Bottom of the 7th over - 2 runs, 3 hits, 0 errors, 2 left on base; Butler 5 - Penquannock 8
TOP OF THE 8TH
Butler White Sox batting - Pitching for Penquannock Overrated Jeter : LHP Brian Gunther
Batting: RHB James Richardson 0-0: Called Strike
0-1: Fly out, F7 (Flyball, 78M)
Batting: RHB Ramón Maldonado 0-0: Called Strike
0-1: Ball
1-1: Called Strike
1-2: Foul Ball, location: 2F
1-2: Strikes out swinging
Batting: RHB Júlio Hernández 0-0: Ball
1-0: Foul Ball, location: 2F
1-1: Ball
2-1: Foul Ball, location: 2F
2-2: Foul Ball, location: 2F
2-2: Strikes out looking
Top of the 8th over - 0 runs, 0 hits, 0 errors, 0 left on base; Butler 5 - Penquannock 8
BOTTOM OF THE 8TH
Penquannock Overrated Jeter batting - Pitching for Butler White Sox : RHP Juan Silva
Batting: LHB Francisco Medina 0-0: Ball
1-0: Called Strike
1-1: Foul Ball, location: 2F
1-2: Ground out 4-3 (Groundball, 4)
Batting: RHB Gary Wyatt 0-0: Ball
1-0: SINGLE (Groundball, 34D)
Batting: LHB Félix Costa 0-0: Foul Ball, location: 2F
0-1: Foul Ball, location: 2F
0-2: Strikes out swinging
Batting: SHB Cristián López 0-0: Ball
1-0: Called Strike
1-1: Ball
2-1: Foul Ball, location: 2F
2-2: Fly out, F8 (Flyball, 8LM)
Bottom of the 8th over - 0 runs, 1 hit, 0 errors, 1 left on base; Butler 5 - Penquannock 8
TOP OF THE 9TH
Butler White Sox batting - Pitching for Penquannock Overrated Jeter : LHP Brian Gunther
Batting: RHB Jerry Moore 0-0: Ball
1-0: Ball
2-0: Swinging Strike
2-1: Swinging Strike
2-2: Strikes out swinging
Batting: RHB Ángel Serrano 0-0: Called Strike
0-1: Ground out 1-3 (Groundball, P)
Batting: RHB Miguel Sánchez 0-0: Called Strike
0-1: Swinging Strike
0-2: Ball
1-2: Ball
2-2: Strikes out swinging
Top of the 9th over - 0 runs, 0 hits, 0 errors, 0 left on base; Butler 5 - Penquannock 8
Saturday, April 7th, 2018 - OOTP Baseball 18.8 Build 76